 Dungeon Crawl Stone Soup version 0.28-a0-724-g66f9036eb4 (webtiles) character file.

Game seed: 13619943984260783318

52 flotson the Sneak (level 3, 0/29 HPs)
             Began as a Demonspawn Delver on Oct 27, 2021.
             Was an Initiate of Ashenzari.
             Slain by an adder (3 damage)
             ... on level 2 of the Dungeon.
             The game lasted 00:04:55 (1605 turns).

flotson the Sneak (Demonspawn Delver)               Turns: 1605, Time: 00:04:55

Health: 0/29       AC:  5    Str: 13    XL:     3   Next: 60%
Magic:  3/3        EV: 11    Int: 11    God:    Ashenzari [......]
Gold:   66         SH:  5    Dex: 14    Spells: 2/2 levels left

rFire   . . .      SeeInvis .   a - +0 hand axe
rCold   . . .      Faith    .   (no shield)
rNeg    . . .      Spirit   .   h - +0 ring mail
rPois   .          Reflect  +   (no helmet)
rElec   .          Harm     .   (no cloak)
rCorr   .          Rampage  .   (no gloves)
Will    .....                   (no boots)
Stlth   ++........              m - amulet of reflection
HPRegen 0.09/turn               (no ring)
MPRegen 0.16/turn               (no ring)

@: mighty
A: magic regeneration
a: Renounce Religion, Curse Item


You were on level 2 of the Dungeon.
You worshipped Ashenzari.
Ashenzari was noncommittal.
You visited 1 branch of the dungeon, and saw 5 of its levels.

You collected 66 gold pieces.

Inventory:

Hand Weapons
 a - a +0 hand axe (weapon)
Armour
 h - a +0 ring mail (worn)
Jewellery
 k - an amulet of magic regeneration
 m - an amulet of reflection (around neck)
Wands
 g - a wand of digging (2)
Scrolls
 b - a scroll of fear
 c - a scroll of fog
 d - 2 scrolls of magic mapping
 e - a scroll of acquirement
 i - a scroll of blinking
 l - a scroll of enchant armour
 q - a scroll of vulnerability
Potions
 f - a potion of haste
 n - a potion of ambrosia
 o - a potion of berserk rage


   Skills:
 + Level 3.4 Fighting
 + Level 2.3 Axes
 + Level 1.2 Armour
 + Level 2.3 Dodging
 - Level 4.5 Stealth


You had 2 spell levels left.
You didn't know any spells.
Your spell library contained the following spells:

 Spells                   Type           Power      Damage    Failure   Level
 Freeze                   Ice            0%         1d3       58%         1
 Sting                    Tmut/Pois      0%         1d3       58%         1
 Poisonous Vapours        Pois/Air       0%         N/A       75%         2
 Frozen Ramparts          Ice            0%         1d2       92%         3
 Hailstorm                Conj/Ice       0%         3d3       100%        4
 Olgreb's Toxic Radiance  Pois           0%         N/A       100%        4


Dungeon Overview and Level Annotations

Branches:
Dungeon (5/15)
 Temple: D:4-7

Altars:
Ashenzari
Gozag

Annotations:
D:5 Dowan, Sigmund


Innate Abilities, Weirdness & Mutations

You regenerate magic rapidly.


Message History

You miss the adder. The adder misses you. The worm barely misses you.
You hit the worm.
The worm is severely wounded.
You hit the adder but do no damage.
The adder bites you but does no damage. x2
The worm bites you but does no damage.
You hit the worm.
The worm is almost dead.
You miss the adder. The adder barely misses you. x2
You hit the worm but do no damage.
The worm is almost dead.
You hit the adder but do no damage. The adder barely misses you.
The worm bites you!
You are too injured to fight recklessly!
You are too injured to fight recklessly!
You are too injured to fight recklessly!
You are too injured to fight recklessly!
You are too injured to fight recklessly!
You are too injured to fight recklessly!
You are too injured to fight recklessly!
You barely miss the adder. You hit the worm. The adder bites you.
* * * LOW HITPOINT WARNING * * *
The worm bites you.
* * * LOW HITPOINT WARNING * * *
The adder bites you but does no damage. The adder bites you but does no damage.
You hit the adder but do no damage. The adder bites you but does no damage.
You block the adder's attack.
You closely miss the adder. The adder closely misses you.
The adder bites you but does no damage.
You hit the adder but do no damage. The adder barely misses you.
The adder bites you.
* * * LOW HITPOINT WARNING * * *
Unknown command.
Okay, then.
You feel very mighty all of a sudden. The adder misses you.
The adder bites you.
* * * LOW HITPOINT WARNING * * *
You miss the adder. The adder bites you.
You die...

#.......##...###.
+..).............
#................
###................
?...................
.....#.............
......#.....w...###+
............?.S.#
.........#....@.###
.##.....#........#
#.....#........#+#####
#.....#...............
#......†..............
.....................
.#...................
........##.........#.
.....#####...........


You could see a worm and an adder.

Vanquished Creatures
  An adder (D:2)
  2 dart slugs (D:1)
  2 ball pythons
  A bat (D:2)
  2 endoplasms (D:1)
  2 giant cockroaches (D:1)
  5 goblins (D:1)
  4 hobgoblins
  7 jackals (D:1)
  5 kobolds
  2 frilled lizards (D:1)
33 creatures vanquished.

Notes
Turn   | Place    | Note
-------+----------+-------------------------------------------
     0 | D:5      | flotson the Demonspawn Delver began the quest for the Orb.
     0 | D:5      | Reached XP level 1. HP: 18/18 MP: 1/1
     3 | D:5      | Noticed Dowan
    20 | D:5      | Noticed Sigmund
    39 | D:4      | Found an opulent altar of Gozag.
   300 | D:4      | Noticed an iguana
   453 | D:1      | Gained mutation: You regenerate magic rapidly. [demonic
                  | ancestry]
   453 | D:1      | Reached XP level 2. HP: 17/24 MP: 2/2
   953 | D:1      | Reached skill level 1 in Armour
  1073 | D:1      | Reached XP level 3. HP: 27/29 MP: 3/3
  1360 | D:1      | Found a faded altar of an unknown god.
  1433 | D:1      | Prayed at the altar of an unknown god.
  1433 | D:1      | Became a worshipper of Ashenzari the Shackled
  1433 | D:1      | Identified a scroll of acquirement
  1605 | D:2      | Slain by an adder

Illustrated notes

Levels and vault maps discovered:
D:1:      dpeg_arrival_morbid_curiosity, layout_rooms,
          hellmonk_ecumenical_altar_pennies_from_heaven
D:2:      layout_basic, nrook_campfire, minmay_tetromino_s2
D:3:      layout_basic, evilmike_ruin_ashenzari,
          nicolae_ru_the_path_less_chosen, grunt_decor_mini_mirrors
D:4:      layout_basic, nicolae_overflow_hidden_temple, uniq_edmund
D:5:      cheibrodos_fertilizer, layout_rooms, uniq_sigmund, uniq_duvessa,
          uniq_eustachio, uniq_crazy_yiuf_cottage

Skill      XL: |  1  2 |
---------------+-------+-----
Axes           | 2 |  2.3
Dodging        | 2 |  2.3
Armour         | 1 |  1.2
Fighting       | |  3.4
Stealth        | |  4.5

Action                   || total
-------------------------++-------
Melee: Hand axe          ||   120
Evoke: Wand              ||     1
  Use: Scroll            ||     1
       Potion            ||     1
 Stab: Sleeping          ||     1
Armor: Ring mail         ||    51
       Leather armour    ||     2
Dodge: Dodged            ||    98
Block: Other             ||    18

Table legend: (Time is in decaauts)
 A = Elapsed time spent in this place.
 B = Non-inter-level travel time spent in this place.
 C = Inter-level travel time spent in this place.
 D = Time resting spent in this place.
 E = Time spent auto-exploring this place.
 F = Levels seen in this place.
 G = Mean time per level.
                   A        B        C        D        E       F      G
               +--------+--------+--------+--------+--------+-----+--------+
         Total |   1635 |   1512 |    123 |      0 |   1053 |   5 |  327.0 |
       Dungeon |   1635 |   1512 |    123 |      0 |   1053 |   5 |  327.0 |
               +--------+--------+--------+--------+--------+-----+--------+

Top non-repeatable levels by time:
     D:1: 937 daAuts
     D:4: 337 daAuts
     D:2: 194 daAuts
     D:3: 128 daAuts
     D:5: 36 daAuts
